 Dungeon Crawl Stone Soup version 0.18.1-50-g88ac8fd (webtiles) character file.

18581 Krapule the Covert (level 12, -6/88 HPs)
             Began as a Vampire Enchanter on Oct 27, 2016.
             Was an Elder of Makhleb.
             Killed from afar by a deep elf knight (38 damage)
             ... with an orb of energy
             ... in a volcano on Oct 28, 2016.
             The game lasted 01:29:23 (14446 turns).

Krapule the Covert (Vampire Enchanter)             Turns: 14446, Time: 01:29:24

Health: -6/88      AC:  8    Str: 15    XL:     12   Next: 29%
Magic:  1/21       EV: 20    Int: 28    God:    Makhleb [****..]
Gold:   824        SH:  0    Dex: 18    Spells: 4 memorised, 13 levels left

rFire  + + .     SeeInvis +     g - +3 short sword (speed)
rCold  . . .     Gourm    .     G - +2 robe of Rybaef {rF+ Str+3}
rNeg   + + .     Faith    .     (no shield)
rPois  +         Spirit   .     p - +1 helmet
rElec  +         Dismiss  .     e - +0 cloak
rCorr  .         Reflect  .     k - +0 pair of gloves
SustAt .         Harm     .     (no boots)
MR     .....                    (no amulet)
Stlth  ++++++++..               Y - ring "Dobisow" {rElec MR- Int+9 Stlth+}
                                J - ring of fire

@: mighty, regenerating slowly, not resistant to hostile enchantments,
extraordinarily stealthy
A: fangs 3, see invisible, unbreathing
a: Bat Form, Minor Destruction, Lesser Servant of Makhleb, Major Destruction,
Renounce Religion


You were in a volcano.
You worshipped Makhleb.
Makhleb was greatly pleased with you.
You were very thirsty.

You visited 3 branches of the dungeon, and saw 16 of its levels.
You also visited: Labyrinth and Volcano.

You collected 824 gold pieces.

Inventory:

Hand Weapons
 g - a +3 short sword of speed (weapon)
Armour
 e - a +0 cloak (worn)
 k - a +0 pair of gloves (worn)
 p - a +1 helmet (worn)
 G - the +2 robe of Rybaef (worn) {rF+ Str+3}
   (You found it on level 7 of the Dungeon)

   It affects your strength (+3).
   It protects you from fire.
 L - a +0 buckler
 S - a +0 troll leather armour
Rods
 F - a +0 iron rod (11/11)
   (You found it on level 7 of the Dungeon)
 K - a +4 rod of inaccuracy (13/13)
   (You took it off a minotaur in a labyrinth)
Jewellery
 q - an uncursed ring of resist corrosion
 A - a +6 ring of strength
 J - a ring of fire (left hand)
 T - a +6 ring of dexterity
 U - an uncursed ring of ice
 Y - the ring "Dobisow" (right hand) {rElec MR- Int+9 Stlth+}
   (You found it in a labyrinth)

   [ring of stealth]

   It affects your intelligence (+9).
   It insulates you from electricity.
   It affects your resistance to hostile enchantments.
   It makes you more stealthy.
Wands
 n - a wand of digging (13/24)
Scrolls
 a - a scroll of identify
 c - a scroll of amnesia
 f - 9 scrolls of remove curse
 j - 4 scrolls of teleportation
 y - a scroll of fog
 V - a scroll of magic mapping
Potions
 b - 3 potions of might
 d - 12 potions of blood
 h - 2 potions of haste
 i - a potion of cancellation
 m - 4 potions of heal wounds
 o - 6 potions of curing
 s - a potion of magic
 x - 3 potions of brilliance
 z - a potion of agility
 C - 2 potions of lignification
 D - a potion of berserk rage
 Q - a potion of ambrosia
 R - a potion of invisibility {unknown}
Miscellaneous
 l - a crystal ball of energy


   Skills:
 - Level 6.0 Fighting
 + Level 9.7 Short Blades
 - Level 2.0 Armour
 + Level 9.8 Dodging
 + Level 13.5 Stealth
 + Level 2.9 Shields
 + Level 6.2 Spellcasting
 - Level 1.0 Conjurations
 + Level 11.1 Hexes
 + Level 5.1 Invocations


You had 13 spell levels left.
You knew the following spells:

 Your Spells              Type           Power        Failure   Level  Hunger
a - Corona                Hex            ######.      1%          1    None
e - Tukima's Dance        Hex            ######..     1%          3    None
q - Dazzling Spray        Conj/Hex       #####.       1%          3    None
z - Confuse               Hex            ######..     1%          3    None


Dungeon Overview and Level Annotations

Branches:
Dungeon (9/15)             Temple (1/1) D:4            Lair (6/8) D:9
 Shoals (0/4) Lair:5       Spider (0/4) Lair:3
  Slime: Lair:6-8       Orc: D:9-12

Altars:
Ashenzari
Cheibriados
Dithmenos
Elyvilon
Fedhas
Gozag
Kikubaaqudgha
Makhleb
Nemelex Xobeh
Okawaru
Pakellas
Qazlal
Ru
Sif Muna
Trog
Vehumet
Xom
Yredelemnul
Zin
The Shining One

Annotations:
D:5 exclusion: statue
D:8 AAAAA's ghost, novice TeGl


Innate Abilities, Weirdness & Mutations

You heal slowly.
You have razor-sharp teeth.
You have supernaturally acute eyesight.
You can survive without breathing.


Message History

Casting: Confuse
Confirm with . or Enter, or press ? or * to list all spells.
Aiming: Tukima's Dance
Press: ? - help, Shift-Dir - straight line, f - deep elf knight
Aim: a deep elf knight, wielding a long sword of flaming and wearing a ring mail of fire resistance (fast, chance to defeat MR: 38%)
The deep elf knight resists with some effort.
Your short sword of flaming falls from the air.
The jumping spider leaps!
The deep elf knight hits you with a long sword of flaming.
Casting: Tukima's Dance
Confirm with . or Enter, or press ? or * to list all spells.
Aiming: Tukima's Dance
Press: ? - help, Shift-Dir - straight line, f/p - deep elf knight
Aim: a deep elf knight, wielding a long sword of flaming and wearing a ring mail of fire resistance (fast, chance to defeat MR: 38%)
The deep elf knight resists with some effort.
The deep elf knight hits you with a long sword of flaming!!
The deep elf knight burns you.
The jumping spider leaps!
The deep elf knight gestures at you while chanting.
The orb of energy hits you!
You die...

.. ... #... #### #...
#####..# #.[#
###......#### #..#
.#.≈§≈≈§....####
##).#
..≈§§≈≈≈≈.....8###er#
≈§≈§§≈≈≈≈≈......@ese#
§≈≈§≈≈≈≈≈§....8###r*#
§§≈§≈≈≈≈§§§..###
##..#
§§S≈§≈≈≈§≈§..### #..#
§§§≈≈≈≈≈§§§≈...###
#..#
≈≈S§≈≈§≈≈§≈≈≈..#.#
#...
≈≈≈§≈§≈≈§§≈§≈....#
#..
≈≈≈§≈≈≈§§≈≈≈≈≈...# ..
≈§≈≈§≈≈≈§§§§≈...##


You could see a deep elf knight, 2 deep elf magi, a redback, 2 hell rats and a
battlesphere.

Vanquished Creatures
  A minotaur (Lab)
  A hydra (Lair:2)
  Pikel (D:6)
  A deep elf mage (Volcano)
  3 elephants (Lair:4)
  2 black mambas (Lair:5)
  A torpor snail (Lair:5)
  3 spiny frogs
  3 rime drakes (Lair:3)
  2 komodo dragons
  Grinder (D:3)
  A boulder beetle (Lair:4)
  A troll (D:9)
  A snapping turtle (Lair:5)
  10 blink frogs
  Sigmund (D:5)
  A spriggan (Lair:2)
  A wyvern (Lair:6)
  4 yaks (Lair:4)
  2 fire bats (Volcano)
  A basilisk (Lair:4)
  6 hippogriffs
  Menkaure (D:6)
  7 water moccasins
  5 porcupines
  2 ice beasts
  4 phantoms
  2 orc warriors (D:8)
  6 sky beasts
  A wasp (Lair:2)
  3 ogres
  4 slaves
  3 black bears
  A necrophage (D:7)
  3 centaurs
  7 crocodiles
  2 big kobolds (D:9)
  A gnoll sergeant (D:9)
  8 giant frogs
  5 killer bees (D:7)
  2 scorpions
  4 wights (D:6)
  3 electric eels
  A lava snake (Volcano)
  4 crimson imps
  A howler monkey (D:9)
  2 quasits
  3 hounds
  4 orc priests
  2 giant frog skeletons
  2 jellies
  5 iguanas
  12 hell rats (Lair:4)
  7 orc wizards
  6 worker ants
  14 sheep
  A worker ant zombie (D:7)
  6 gnolls
  16 adders
  17 river rats (Lair:4)
  3 shadow imps
  An adder zombie (D:9)
  3 adder skeletons
  2 worms (D:3)
  6 giant geckos
  20 orcs
  2 ball pythons
  2 giant cockroaches
  5 goblins
  6 hobgoblins
  15 jackals
  7 kobolds
  8 quokkas
  A bat (D:3)
  2 gnoll zombies (D:6)
  A quokka skeleton (D:9)
  6 rats
  A fungus (Lair:4)
316 creatures vanquished.

Vanquished Creatures (collateral kills)
  A deep elf mage (Volcano)
  An orc warrior (D:8)
  An ogre (D:6)
  An orc priest (D:4)
  2 gnolls
  2 orcs
  A giant cockroach (D:3)
9 creatures vanquished.

Vanquished Creatures (others)
  A fungus (Lair:2)
  5 plants
6 creatures vanquished.

Grand Total: 331 creatures vanquished

Notes
Turn   | Place    | Note
--------------------------------------------------------------
     0 | D:1      | Krapule the Vampire Enchanter began the quest for the Orb.
     0 | D:1      | Reached XP level 1. HP: 13/13 MP: 3/3
   334 | D:1      | Reached XP level 2. HP: 19/19 MP: 5/5
  1090 | D:2      | Found a bloodstained altar of Trog.
  1115 | D:2      | Found a faded altar to an unknown god.
  1123 | D:2      | Reached XP level 3. HP: 25/25 MP: 6/6
  1166 | D:2      | Found a sparkling altar of Nemelex Xobeh.
  1667 | D:2      | Learned a level 3 spell: Confuse
  1668 | D:3      | Found an iron altar of Okawaru.
  1715 | D:3      | Reached skill level 1 in Fighting
  1722 | D:3      | Noticed Grinder
  1749 | D:3      | Noticed Sigmund
  1916 | D:3      | Reached XP level 4. HP: 29/32 MP: 7/7
  2075 | D:4      | Reached skill level 5 in Hexes
  2080 | D:4      | Reached skill level 1 in Armour
  2103 | D:4      | Reached skill level 5 in Stealth
  2103 | D:4      | Reached XP level 5. HP: 37/37 MP: 9/9
  2108 | D:4      | Learned a level 3 spell: Tukima's Dance
  2330 | D:4      | Noticed a phantom
  2360 | D:4      | Killed a phantom
  2360 | D:4      | Reached XP level 6. HP: 25/43 MP: 1/10
  3158 | D:4      | Found a staircase to the Ecumenical Temple.
  3178 | Temple   | Entered the Ecumenical Temple
  3298 | D:5      | Entered Level 5 of the Dungeon
  3362 | D:5      | Reached skill level 6 in Stealth
  3362 | D:5      | Reached XP level 7. HP: 46/48 MP: 7/12
  3394 | D:5      | Found a shimmering altar of Xom.
  3630 | D:5      | Killed Sigmund
  3660 | D:5      | Found a radiant altar of Vehumet.
  3889 | D:6      | Reached skill level 7 in Stealth
  4044 | D:3      | Killed Grinder
  4044 | D:3      | Reached XP level 8. HP: 47/54 MP: 8/14
  4269 | D:3      | Reached skill level 5 in Dodging
  4437 | D:6      | Identified Kioba's Initiation to Sorcery
  4590 | D:6      | Reached skill level 8 in Stealth
  4698 | D:6      | Found a shattered altar of Ashenzari.
  4730 | D:6      | Reached skill level 5 in Short Blades
  4747 | D:6      | Noticed Menkaure
  4754 | D:6      | Killed Menkaure
  4754 | D:6      | Reached skill level 5 in Spellcasting
  4885 | D:6      | Found a blossoming altar of Fedhas.
  4908 | D:6      | Found a glowing silver altar of Zin.
  4908 | D:6      | Found a white marble altar of Elyvilon.
  4908 | D:6      | Found a snail-covered altar of Cheibriados.
  4926 | D:6      | Found a shadowy altar of Dithmenos.
  4958 | D:6      | Found a sacrificial altar of Ru.
  5075 | D:6      | Noticed Pikel
  5213 | D:7      | Reached XP level 9. HP: 59/59 MP: 16/16
  5313 | D:7      | Reached skill level 9 in Stealth
  5535 | D:7      | Got a faintly humming robe
  5568 | D:7      | Identified the +2 robe of Rybaef {rF+ Str+3} (You found it on level 7 of the Dungeon)
  6263 | D:6      | Found a basalt altar of Yredelemnul.
  6361 | D:6      | Killed Pikel
  6361 | D:6      | Reached skill level 10 in Stealth
  6755 | D:8      | Noticed AAAAA's ghost (novice TeGl)
  6803 | D:8      | Reached XP level 10. HP: 62/70 MP: 4/17
  6818 | D:8      | Reached skill level 10 in Hexes
  6982 | D:8      | Learned a level 3 spell: Dazzling Spray
  7303 | D:8      | Found a shimmering altar of Xom.
  7304 | D:8      | Found a burning altar of Makhleb.
  7311 | D:8      | Became a worshipper of Makhleb the Destroyer
  7795 | D:9      | Reached skill level 11 in Stealth
  8170 | D:9      | Reached skill level 1 in Invocations
  8176 | D:9      | Reached * piety under Makhleb
  8196 | D:9      | Found a staircase to the Lair.
  8581 | Lair:1   | Entered Level 1 of the Lair of Beasts
  9288 | Lair:2   | Found an iron altar of Okawaru.
  9497 | Lair:2   | Noticed a six-headed hydra
  9519 | Lair:2   | Killed a six-headed hydra
  9519 | Lair:2   | Reached skill level 5 in Fighting
  9519 | Lair:2   | Reached XP level 11. HP: 48/79 MP: 9/18
  9862 | Lair:2   | Noticed a spriggan rider
  9905 | Lair:2   | Reached skill level 12 in Stealth
 10283 | Lair:3   | Reached ** piety under Makhleb
 10433 | Lair:3   | Found a hole to the Spider Nest.
 10448 | Lair:3   | Reached skill level 1 in Conjurations
 10768 | Lair:3   | Got a twisted quarterstaff
 11403 | Lair:4   | Reached *** piety under Makhleb
 11783 | Lair:4   | Reached skill level 1 in Shields
 12287 | Lair:4   | Reached skill level 13 in Stealth
 12655 | Lair:5   | Reached **** piety under Makhleb
 12722 | Lair:5   | Found a labyrinth entrance.
 12741 | Lab      | Entered a labyrinth
 13337 | Lab      | Noticed a minotaur
 13355 | Lab      | Killed a minotaur
 13355 | Lab      | Reached XP level 12. HP: 44/88 MP: 17/21
 13387 | Lab      | Got a translucent bronze ring
 13398 | Lab      | Identified the ring "Dobisow" {rElec MR- Int+9 Stlth+} (You found it in a labyrinth)
 13406 | Lab      | Identified the +11 quarterstaff of Geuguxaf {freeze, rPois rC+ Int+4} (You found it on level 3 of the Lair of Beasts)
 14097 | Lair:5   | Found a staircase to the Shoals.
 14301 | Lair:6   | Found a dark tunnel.
 14310 | Volcano  | Entered a volcano
 14329 | Volcano  | Reached skill level 5 in Invocations
 14446 | Volcano  | Killed from afar by a deep elf knight

Skill      XL: |  1  2  3  4  5  6  7  8  9 10 11 12 |
---------------+-------------------------------------+-----
Fighting       | 1 3 5 6 |  6.0
Short Blades   | 2 3 4 5 6 8 9 |  9.7
Hexes          | 5 6 7 8 9 10 11 | 11.1
Armour         | 1 2 |  2.0
Dodging        | 3 4 5 7 8 9 |  9.8
Stealth        | 5 6 7 8 10 11 13 | 13.5
Spellcasting   | 3 4 5 6 |  6.2
Invocations    | 2 4 5 |  5.1
Conjurations   | 1 |  1.0
Shields        | 1 2 |  2.9

Action                   |  1- 3 |  4- 6 |  7- 9 | 10-12 || total
-------------------------+-------+-------+-------+-------++-------
Melee: Dagger            |    15 |       |       |       ||    15
       Short sword       |    78 |   133 |   495 |   804 ||  1510
       Bite              |     7 |    14 |    65 |   124 ||   210
 Cast: Confuse           |       |     6 |    40 |    79 ||   125
       Corona            |       |     3 |       |     3 ||     6
       Tukima's Dance    |       |     6 |    15 |    13 ||    34
       Dazzling Spray    |       |       |       |     1 ||     1
Evoke: Wand              |       |       |       |     2 ||     2
  Use: Potion            |     1 |     4 |     3 |     9 ||    17
       Scroll            |       |     4 |       |    23 ||    27
 Stab: Sleeping          |     9 |     8 |    19 |    46 ||    82
       Distracted        |       |     1 |       |     8 ||     9
       Confused          |       |     3 |    32 |    59 ||    94
Armor: Robe              |    19 |    22 |    45 |    47 ||   133
       Leather armour    |       |       |    19 |       ||    19
Dodge: Dodged            |    40 |    52 |   187 |   310 ||   589
